 Dungeon Crawl Stone Soup version 0.22-a0-825-ga28c36f (webtiles) character file.

257 jjfam the Chopper (level 6, -3/53 HPs)
             Began as a Hill Orc Fighter on July 21, 2018.
             Slain by Edmund
             ... wielding a +3 flail of crushing
              (7 damage)
             ... on level 4 of the Dungeon on July 24, 2018.
             The game lasted 00:09:56 (3614 turns).

jjfam the Chopper (Hill Orc Fighter)                Turns: 3614, Time: 00:09:56

Health: -3/53      AC:  9    Str: 21    XL:     6   Next: 16%
Magic:  6/6        EV:  7    Int:  8    God:
Gold:   175        SH:  9    Dex: 10    Spells: 5/5 levels left

rFire    x . .     SeeInvis .   a - +0 war axe
rCold    + . .     Gourm    .   c - +0 shield
rNeg     . . .     Faith    .   b - +0 scale mail
rPois    .         Spirit   .   e - +0 helmet
rElec    .         Reflect  .   m - +0 cloak
rCorr    .         Harm     .   (no gloves)
MR       .....                  (no boots)
Stlth    ..........             (no amulet)
HPRegen  0.17/turn              r - ring of ice
MPRegen  0.10/turn              (no ring)

@: no status effects
A: no striking features
a: no special abilities


You were on level 4 of the Dungeon.
You were not hungry.

You visited 1 branch of the dungeon, and saw 4 of its levels.
You also visited: Sewer.

You collected 175 gold pieces.

Inventory:

Hand Weapons
 a - a +0 war axe (weapon)
 n - a +3 trident of protection
Armour
 b - a +0 scale mail (worn)
 c - a +0 shield (worn)
 e - a +0 helmet (worn)
 m - a +0 cloak (worn)
Jewellery
 r - a ring of ice (left hand)
Wands
 v - a wand of paralysis (31)
Scrolls
 g - 2 scrolls of identify
 i - a scroll of enchant weapon
 p - 4 scrolls of teleportation
 s - a scroll of blinking {unknown}
 t - a scroll of magic mapping {unknown}
 u - 2 scrolls of fear
Potions
 d - 3 potions of might
 h - 4 potions of curing {unknown}
 j - a potion of brilliance {unknown}
 k - 3 potions of heal wounds {unknown}
 l - 3 potions of haste {unknown}
 o - 2 potions of lignification {unknown}
 q - a potion of magic {unknown}
Comestibles
 f - 13 rations
 w - 5 chunks of flesh


   Skills:
 + Level 4.7 Fighting
 + Level 5.0 Axes
 + Level 4.3 Armour
 - Level 0.4 Dodging
 - Level 0.3 Stealth
 + Level 4.8 Shields


You had 5 spell levels left.
You didn't know any spells.
Your spell library contained the following spells:

 Spells                   Type           Power        Failure   Level  Hunger
 Confuse                  Hex            #.......     100%        3    ####...
 Tukima's Dance           Hex            #.......     100%        3    ####...
 Ensorcelled Hibernation  Hex/Ice        #.....       100%        2    ###....
 Corona                   Hex            #......      99%         1    ##.....
 Dazzling Spray           Conj/Hex       #.....       100%        3    ####...


Dungeon Overview and Level Annotations

Branches:
Dungeon (4/15)
 Temple: D:4-7

Altars:

Annotations:
D:4 Edmund


Message History

* * * LOW HITPOINT WARNING * * *
You barely miss Edmund.
Edmund is heavily wounded.
Edmund hits you but does no damage.
You hit Edmund but do no damage.
Edmund is heavily wounded.
You block Edmund's attack.
Edmund hits you with a flail of crushing.
* * * LOW HITPOINT WARNING * * *
x2 Your shield and scale mail prevent you from hitting Edmund.
Edmund is heavily wounded.
Edmund hits you but does no damage.
You closely miss Edmund.
Edmund is heavily wounded.
Edmund hits you with a flail of crushing.
* * * LOW HITPOINT WARNING * * *
x2 You hit Edmund but do no damage.
Edmund is heavily wounded.
Edmund hits you with a flail of crushing!
You die...

# . #. #.#######.#
#.### #####.#.......
#.... ......#+#....####
#... #...............
#... #.............#
...#...##.............#
.......n@@............#
.......##.............#
....[.#
#.....)...###<####
...### #.........#
#..... .. #.........#
###### . #.........#
#.........# ###########


You could see Edmund and a necrophage.

Vanquished Creatures
  A worker ant (D:2)
  2 river rats (Sewer)
  12 adders
  An ooze (D:2)
  An adder skeleton (D:2)
  2 dart slugs
  2 leopard geckos
  6 bats
  6 giant cockroaches
  9 goblins
  8 hobgoblins
  9 kobolds
  2 quokkas
  3 ball pythons
  9 frilled lizards
  34 rats
107 creatures vanquished.

Notes
Turn   | Place    | Note
-------+----------+-------------------------------------------
     0 | D:1      | jjfam the Hill Orc Fighter began the quest for the Orb.
     0 | D:1      | Reached XP level 1. HP: 19/19 MP: 1/1
   108 | D:1      | Reached XP level 2. HP: 23/27 MP: 2/2
   188 | D:1      | Reached skill level 3 in Axes
   435 | D:1      | Reached XP level 3. HP: 33/33 MP: 3/3
  1208 | D:2      | Reached XP level 4. HP: 20/40 MP: 4/4
  1616 | D:2      | Reached skill level 4 in Axes
  1711 | D:2      | Reached XP level 5. HP: 41/46 MP: 5/5
  1908 | D:3      | Found a glowing drain.
  1947 | Sewer    | Entered a sewer
  2543 | D:3      | Reached XP level 6. HP: 31/53 MP: 6/6
  3410 | D:3      | Reached skill level 5 in Axes
  3575 | D:4      | Upgraded the game from 0.22-a0-799-g88f5e90 to 0.22-a0-825-ga28c36f
  3593 | D:4      | Noticed Edmund
  3593 | D:4      | Noticed a necrophage
  3614 | D:4      | Slain by Edmund

Vault maps used:
D:1:      tarquinn_simple_flora_water_d, minmay_misc_feat_chi
D:2:      first_ration
D:3:      gup_sewer_entry_glass, minmay_rat_hole
D:4:      minmay_temple_entry_nine_rooms, hangedman_abyss_or_decor_stabs,
          uniq_edmund
Sewer:    sewer_co_cracked_pipes

Skill      XL: |  1  2  3  4  5  6 |
---------------+-------------------+-----
Axes           | 3 4 5 |  5.0
Fighting       | 4 |  4.7
Shields        | 4 |  4.8
Armour         | 4 |  4.3
Dodging        | |  0.4
Stealth        | |  0.3

Action                   |  1- 3 |  4- 6 || total
-------------------------+-------+-------++-------
Melee: War axe           |   138 |   173 ||   311
       Trident           |       |    35 ||    35
  Use: Scroll            |       |     4 ||     4
  Eat: Chunk             |     1 |     5 ||     6
       Ration            |       |     1 ||     1
Armor: Scale mail        |    96 |   135 ||   231
Dodge: Dodged            |    38 |    76 ||   114
Block: Shield            |    76 |   143 ||   219

Table legend:
 A = Spawn XP
 B = Non-spawn XP
 C = Spawn XP percentage of total XP
 D = Spawn monster count
 E = Non-spawn monster count
 F = Spawn count percentage of total count
 G = Total turns spent on level
                    A         B        C        D         E        F      G
               +---------+---------+-------+---------+---------+-------+---------
         Total |       0 |     368 |   0.0 |       0 |     107 |   0.0 |  3614
               +---------+---------+-------+---------+---------+-------+---------
           D:1 |       0 |      35 |   0.0 |       0 |      23 |   0.0 |   526
           D:2 |       0 |     133 |   0.0 |       0 |      26 |   0.0 |  1239
           D:3 |       0 |     134 |   0.0 |       0 |      43 |   0.0 |  1224
         Sewer |       0 |      66 |   0.0 |       0 |      15 |   0.0 |   582
               +---------+---------+-------+---------+---------+-------+---------
